 Dungeon Crawl Stone Soup version 0.29-a0-553-g81b289dbe5 (webtiles) character file.

Game seed: 1222883178646803365

16140 Ijustatesigmund the Fighter (level 12, -1/114 HPs)
             Began as a Gargoyle Earth Elementalist on June 7, 2022.
             Was the Champion of Cheibriados.
             Constricted to death by an anaconda simulacrum (2 damage)
             ... in an ice cave.
             The game lasted 00:49:16 (15926 turns).

Ijustatesigmund the Fighter (GrEE)                 Turns: 15926, Time: 00:49:16

Health: -1/114     AC: 26    Str: 26    XL:     12   Next: 34%
Magic:  2/32       EV: -1    Int: 37    God:    Cheibriados [******]
Gold:   524        SH:  7    Dex: 31    Spells: 8/26 levels left

rFire   . . .      SeeInvis .   e - +3 flail
rCold   . . .      Faith    .   I - +0 buckler
rNeg    + . .      Spirit   .   (body armour currently unavailable)
rPois   ∞          Reflect  .   (helmet currently unavailable)
rElec   .          Harm     .   (cloak currently unavailable)
rCorr   .          Rampage  .   (gloves currently unavailable)
Will    .....      NoTele   +   (boots currently unavailable)
Stlth   +++.......              (no amulet)
HPRegen 0.29/turn               x - +6 ring of dexterity
MPRegen 0.23/turn               l - ring of magical power

@: tree-form, constricted, very slow
A: stationary, stasis, torment immunity, boosted hp, sickness immunity, AC +8,
negative energy resistance 1, (electricity resistance), torment resistance 1,
petrification resistance
a: Renounce Religion, Bend Time, Temporal Distortion, Slouch, Step From Time


You were in an ice cave.
You worshipped Cheibriados.
Cheibriados was exalted by your worship.
You were a tree.
You visited 2 branches of the dungeon, and saw 13 of its levels.
You also visited: Ossuary and Ice Cave.

You collected 706 gold pieces.
You spent 182 gold pieces at shops.

Inventory:

Hand Weapons
 e - a +3 flail (weapon)
 m - a +4 mace of freezing
Missiles
 a - 427 stones
Armour
 b - a +0 troll leather armour (melded)
 k - a +0 pair of boots (melded)
 o - a +2 pair of gloves (melded)
 p - a +2 cloak of cold resistance (melded)
 s - +0 acid dragon scales
 D - a +0 helmet (melded)
 I - a +0 buckler (worn)
Jewellery
 d - a ring of see invisible
 g - a ring of resist corrosion
 l - a ring of magical power (right branch)
 x - a +6 ring of dexterity (left branch)
 C - a ring of positive energy
 K - a ring of wizardry
Wands
 v - a wand of polymorph (12)
 A - a wand of flame (4)
Scrolls
 r - 5 scrolls of immolation
 u - 2 scrolls of magic mapping
 w - 5 scrolls of enchant weapon
 y - 4 scrolls of teleportation
 F - 2 scrolls of identify
 H - 2 scrolls of fog
 J - 2 scrolls of amnesia
Potions
 c - 2 potions of magic
 f - 5 potions of flight
 h - 5 potions of brilliance
 i - 9 potions of curing
 j - 2 potions of might
 n - 3 potions of mutation
 q - 2 potions of attraction
 z - 2 potions of lignification
 B - a potion of heal wounds
 E - 4 potions of haste


   Skills:
 - Level 9.0 Fighting
 - Level 6.8 Maces & Flails
 - Level 5.4 Armour
 - Level 3.1 Dodging
 - Level 2.1 Stealth
 - Level 3.2 Shields
 - Level 7.8 Spellcasting
 - Level 6.8 Conjurations
 + Level 2.5 Transmutations
 + Level 2.8 Fire Magic
 + Level 2.9 Ice Magic
 * Level 3.5 Air Magic
 - Level 5.0 Earth Magic
 + Level 2.9 Poison Magic
 - Level 8.2 Invocations


You had 8 spell levels left.
You knew the following spells:

 Your Spells              Type           Power      Damage    Failure   Level
a - Sandblast             Erth           100%       2d20      1%          1
b - Stone Arrow           Conj/Erth      100%       3d13      1%          3
c - Mephitic Cloud        Conj/Pois/Air  47%        N/A       1%          3
d - Freezing Cloud        Conj/Ice/Air   23%        6-21      16%         5
e - Ignite Poison         Fire/Tmut/Pois 35%        N/A       3%          3
f - Passwall              Tmut/Erth      35%        N/A       1%          2
g - Apportation           Tloc           28%        N/A       3%          1

Your spell library contained the following spells:

 Spells                   Type           Power      Damage    Failure   Level
 Freeze                   Ice            100%       1d11      1%          1
 Sting                    Tmut/Pois      100%       1d8       1%          1
 Necrotize                Necr           56%        1d6       3%          1
 Summon Small Mammal      Summ           56%        N/A       3%          1
 Ensorcelled Hibernation  Hex/Ice        50%        N/A       3%          2
 Frozen Ramparts          Ice            72%        1d9       3%          3
 Spider Form              Tmut/Pois      35%        N/A       3%          3
 Hailstorm                Conj/Ice       50%        3d11      4%          4
 Petrify                  Tmut/Erth      42%        N/A       8%          4
 Iskenderun's Mystic Bla  Conj/Tloc      39%        2d9       9%          4
 Call Canine Familiar     Summ           14%        N/A       11%         3
 Portal Projectile        Hex/Tloc       28%        N/A       11%         3
 Tukima's Dance           Hex            14%        N/A       11%         3
 Ice Form                 Ice/Tmut       34%        N/A       12%         4
 Leda's Liquefaction      Hex/Erth       16%        N/A       13%         4
 Anguish                  Hex/Necr       7%         N/A       34%         4
 Summon Mana Viper        Hex/Summ       14%        N/A       69%         5
 Simulacrum               Ice/Necr       12%        N/A       96%         6
 Discord                  Hex            7%         N/A       100%        8


Dungeon Overview and Level Annotations

Branches:
Dungeon (12/15)            Temple (1/1) D:4            Lair (0/6) D:8
    Orc (0/2) D:9         Ossuary (visited)           IceCv (1/1)

Altars:
Ashenzari
Cheibriados
Dithmenos
Elyvilon
Fedhas
Gozag
Hepliaklqana
Kikubaaqudgha
Makhleb
Nemelex Xobeh
Okawaru
Qazlal
Ru
Sif Muna
Trog
Uskayaw
Vehumet
Wu Jian
Xom
Yredelemnul
Zin
The Shining One
Beogh

Shops:
D:3 !


Innate Abilities, Weirdness & Mutations

You are a tree.
Your roots penetrate the ground, keeping you stationary.
You cannot be teleported.
You are immune to unholy pain and torment.
Your maximum health is greatly increased.
Your equipment is partially melded.
You are immune to sickness and miasma.
((Your stone body is resilient. (AC +8)))
You are immune to poison.
You resist negative energy. (rN+)
((You are resistant to electric shocks. (rElec)))
You are resistant to unholy torment.
You are immune to petrification.


Message History

You feel much better.
You block the anaconda simulacrum's attack.
The anaconda simulacrum constricts you.
Really quaff the potion of lignification?
You turn into a tree.
Your +2 cloak of cold resistance melds into your body.
Your +0 helmet melds into your body.
Your +2 pair of gloves melds into your body.
Your +0 pair of boots melds into your body.
Your +0 troll leather armour melds into your body.
You feel less resistant to cold.
Your roots penetrate the ground.
The anaconda simulacrum bites you but does no damage.
The anaconda simulacrum constricts you. The anaconda simulacrum bites you.
The anaconda simulacrum freezes you! The anaconda simulacrum constricts you.
You hit the anaconda simulacrum.
The anaconda simulacrum is lightly damaged.
The anaconda simulacrum bites you but does no damage.
The anaconda simulacrum constricts you.
The anaconda simulacrum bites you but does no damage.
The anaconda simulacrum constricts you.
You barely miss the anaconda simulacrum.
The anaconda simulacrum is lightly damaged.
The anaconda simulacrum bites you but does no damage.
The anaconda simulacrum constricts you.
You thump the anaconda simulacrum!
The anaconda simulacrum is heavily damaged.
The anaconda simulacrum bites you but does no damage.
The anaconda simulacrum constricts you. The anaconda simulacrum bites you.
The anaconda simulacrum freezes you!! The anaconda simulacrum constricts you.
You hit the anaconda simulacrum.
The anaconda simulacrum is heavily damaged.
The anaconda simulacrum bites you. The anaconda simulacrum freezes you!!
The anaconda simulacrum constricts you.
* * * LOW HITPOINT WARNING * * *
The anaconda simulacrum bites you.
* * * LOW HITPOINT WARNING * * *
The anaconda simulacrum freezes you!!
* * * LOW HITPOINT WARNING * * *
The anaconda simulacrum constricts you.
You die...

#.......### ##..##....##
#......## ######..##
#.......# #### ##.....##
##....# ##### ##..##
##...## ##...# #.....##
#...## ##......# *****
##..####....♣..#***,,,*
####..##○##..##Z..#,**,,,*
##..#..#..#....#..##,,*,,,*
#...#..○.....#.##.#,,***,**
.......#.#..##..#)#,,*,*,**
..##...###..#§.........#,,*
..###..# #§§§§§..........,*
.##.#.## #§§☼#☼..####..#.,*
.#....## #.§.#....,,,,.#,**


You could see an anaconda simulacrum.

Vanquished Creatures
  A reaper (IceCv)
  A boulder beetle (D:11)
  A hydra (D:11)
  A cyclops (D:11)
  2 ice statues (IceCv)
  A gargoyle (D:11)
  2 rime drakes (D:12)
  An anaconda simulacrum (IceCv)
  4 ice devils (IceCv)
  A komodo dragon (D:11)
  3 trolls
  A hornet (D:10)
  A vampire (D:11)
  A dire elephant simulacrum (IceCv)
  Eustachio (D:5)
  A shadow (D:11)
  3 wraiths
  A wyvern (D:8)
  8 yaks
  4 vampire mosquitoes (D:10)
  3 steam dragons
  Menkaure (D:7)
  An acid dragon (D:11)
  2 water moccasins
  Duvessa (D:6)
  2 ice beasts
  6 orc warriors
  A black bear (D:7)
  2 wolves (D:8)
  An ogre (D:5)
  5 centaurs
  A phantom (D:6)
  8 kobold brigands
  Blork the orc (D:5)
  3 wyvern zombies (Ossuary)
  2 bullfrogs (D:8)
  A necrophage (D:6)
  2 scorpions
  2 two-headed ogre simulacra (IceCv)
  2 cane toad simulacra (IceCv)
  3 water moccasin zombies (Ossuary)
  17 wights
  Dowan (D:6)
  2 elephant simulacra (IceCv)
  5 killer bees (D:7)
  3 electric eels (D:8)
  A howler monkey (D:6)
  6 centaur zombies (Ossuary)
  5 bullfrog zombies (Ossuary)
  6 hounds
  A jelly (D:6)
  A gnoll shaman (D:7)
  8 orc priests
  Natasha (thrice) (D:4)
  4 iguanas
  5 orc wizards
  A spriggan simulacrum (IceCv)
  5 troll simulacra (IceCv)
  14 mummies (Ossuary)
  A howler monkey zombie (Ossuary)
  12 gnolls
  7 adders
  A naga simulacrum (IceCv)
  5 ufetubi
  A worm (D:3)
  40 orcs
  3 ball pythons
  7 endoplasms
  3 giant cockroaches
  11 goblins
  3 hobgoblins
  5 jackals
  34 kobolds
  A quokka (D:1)
  4 bats
  4 frilled lizards
  3 rats
322 creatures vanquished.

Vanquished Creatures (others)
  2 kobolds (D:8)
  43 plants (D:8)
  5 withered plants (Ossuary)
50 creatures vanquished.

Grand Total: 372 creatures vanquished

Notes
Turn   | Place    | Note
-------+----------+-------------------------------------------
     0 | D:1      | Ijustatesigmund the Gargoyle Earth Elementalist began the
                  | quest for the Orb.
     0 | D:1      | Reached XP level 1. HP: 10/10 MP: 3/3
   178 | D:1      | Found a faded altar of an unknown god.
   194 | D:1      | Reached XP level 2. HP: 15/16 MP: 0/5
   624 | D:1      | Reached skill level 1 in Fighting
  1044 | D:1      | Reached skill level 1 in Maces & Flails
  1297 | D:1      | Reached XP level 3. HP: 14/20 MP: 4/6
  1399 | D:1      | Learned a level 3 spell: Stone Arrow
  1960 | D:2      | Reached skill level 1 in Conjurations
  1960 | D:2      | Reached XP level 4. HP: 12/26 MP: 4/8
  2170 | D:2      | Reached skill level 2 in Fighting
  2540 | D:3      | Reached XP level 5. HP: 31/31 MP: 9/9
  2852 | D:3      | Found a shimmering altar of Xom.
  2857 | D:3      | Found a radiant altar of Vehumet.
  3120 | D:3      | Found Mintain's Distillery.
  3146 | D:3      | Bought a potion of heal wounds for 70 gold pieces
  3146 | D:3      | Bought a potion of berserk rage for 70 gold pieces
  3146 | D:3      | Bought a potion of curing for 42 gold pieces
  3184 | D:3      | Reached skill level 5 in Earth Magic
  3184 | D:3      | Reached XP level 6. HP: 30/36 MP: 10/10
  3593 | D:4      | Reached skill level 3 in Fighting
  3661 | D:4      | Noticed Natasha
  3664 | D:4      | Killed Natasha
  3666 | D:4      | Noticed Natasha
  3671 | D:4      | Killed Natasha
  4356 | D:4      | Noticed Natasha
  4360 | D:4      | Killed Natasha
  4361 | D:4      | Reached XP level 7. HP: 41/41 MP: 12/12
  4512 | D:4      | Found a staircase to the Ecumenical Temple.
  4521 | Temple   | Entered the Ecumenical Temple
  4748 | Temple   | Became a worshipper of Cheibriados the Contemplative
  5029 | D:5      | Entered Level 5 of the Dungeon
  5114 | D:4      | Reached skill level 1 in Invocations
  5514 | D:5      | Reached skill level 4 in Fighting
  5691 | D:5      | Found a glowing golden altar of the Shining One.
  5770 | D:5      | Noticed Eustachio
  5777 | D:5      | Killed Eustachio
  5777 | D:5      | Reached * piety under Cheibriados
  5778 | D:5      | Reached skill level 5 in Conjurations
  5778 | D:5      | Reached XP level 8. HP: 48/48 MP: 7/14
  5973 | D:5      | Got the Collected Works on Curses
  6004 | D:5      | Noticed Blork the orc
  6014 | D:5      | Killed Blork the orc
  6640 | D:6      | Reached skill level 5 in Fighting
  6779 | D:6      | Noticed Dowan
  6783 | D:6      | Noticed Duvessa
  6784 | D:6      | Killed Dowan
  6935 | D:6      | Reached XP level 9. HP: 54/54 MP: 16/16
  6948 | D:6      | Reached skill level 5 in Spellcasting
  6962 | D:6      | Killed Duvessa
  7039 | D:6      | Reached ** piety under Cheibriados
  7199 | D:6      | Got Fovynaesou's Collected Works on the Vitriolic Traveller
  8039 | D:7      | Found a sand-covered staircase.
  8044 | Ossuary  | Entered an ossuary
  8155 | Ossuary  | Reached skill level 6 in Fighting
  8252 | Ossuary  | Reached skill level 5 in Invocations
  8357 | Ossuary  | Reached skill level 1 in Armour
  8761 | D:7      | Reached XP level 10. HP: 45/61 MP: 9/19
  8778 | D:7      | Reached *** piety under Cheibriados
  9259 | D:7      | Reached skill level 1 in Shields
  9284 | D:7      | Noticed Menkaure
  9287 | D:7      | Killed Menkaure
  9288 | D:7      | Reached skill level 7 in Fighting
  9410 | D:7      | Reached **** piety under Cheibriados
  9955 | D:8      | Found a staircase to the Lair.
 10472 | D:8      | Reached skill level 5 in Maces & Flails
 11075 | D:8      | Reached ***** piety under Cheibriados
 11577 | D:9      | Reached skill level 8 in Fighting
 11577 | D:9      | Reached XP level 11. HP: 68/68 MP: 20/21
 11855 | D:9      | Found a staircase to the Orcish Mines.
 12755 | D:10     | Entered Level 10 of the Dungeon
 13877 | D:11     | Noticed a five-headed hydra
 13885 | D:11     | Killed a five-headed hydra
 13886 | D:11     | Reached skill level 5 in Armour
 14098 | D:11     | Noticed a boulder beetle
 14102 | D:11     | Killed a boulder beetle
 14103 | D:11     | Reached skill level 9 in Fighting
 14289 | D:11     | Learned a level 3 spell: Mephitic Cloud
 14295 | D:11     | Learned a level 5 spell: Freezing Cloud
 14299 | D:11     | Learned a level 3 spell: Ignite Poison
 14368 | D:11     | Reached skill level 1 in Transmutations
 14371 | D:11     | Reached ****** piety under Cheibriados
 14601 | D:11     | Reached skill level 1 in Air Magic
 14601 | D:11     | Reached skill level 1 in Poison Magic
 14714 | D:11     | Noticed a cyclops
 14726 | D:11     | Killed a cyclops
 14727 | D:11     | Reached skill level 1 in Fire Magic
 14727 | D:11     | Reached skill level 1 in Ice Magic
 14975 | D:12     | Found a frozen archway.
 14986 | D:12     | Reached XP level 12. HP: 36/76 MP: 6/23
 14993 | IceCv    | Entered an ice cave
 15093 | IceCv    | Learned a level 2 spell: Passwall
 15871 | IceCv    | Learned a level 1 spell: Apportation
 15891 | IceCv    | Noticed a reaper
 15903 | IceCv    | Killed a reaper
 15926 | IceCv    | HP: 1/114 [anaconda simulacrum (31)]
 15926 | IceCv    | Constricted to death by an anaconda simulacrum

Illustrated notes

Levels and vault maps discovered:
D:1:      grunt_arrival_crossed_arrows, layout_loops_ring,
          basic_ecumenical_altar, amethyst_killhole
D:2:      cheibrodos_pilgrimage, layout_basic, kennysheep_nub, minmay_unequal
D:3:      layout_loops_corners, mainiacjoe_overflow_catwalk_spiral,
          serial_shops, nicolae_shop_competitors_out_of_business
D:4:      layout_cave_pods, minmay_temple_entry_drinking_statues, uniq_natasha
D:5:      layout_cave_pools, nicolae_tso_carved_into_rock,
          minmay_misc_feat_hallway, serial_bayou_pond_e, uniq_blork_the_orc,
          uniq_eustachio
D:6:      layout_basic, minivault_10, uniq_duvessa
D:7:      layout_loops_ring, enter_bailey_3,
          lightli_ossuary_entry_decrepit_ruins, uniq_menkaure
D:8:      layout_basic, erik_lair_island, minmay_misc_feat_enclosed,
          serial_bayou_lagoon_a, amcnicky_mini_pool_small
D:9:      cheibrodos_iron_armory, layout_long_grid, david_orc_5
D:10:     layout_irregular_city, serial_glass, glass_columns_c, glass_columns_b,
          amcnicky_mini_rare_corridor_liquid
D:11:     layout_basic, minmay_unpleasant_kobolds
D:12:     kennysheep_kobold_lugonu_temple, layout_gridville,
          portal_ice_cave_rime
Temple:   mainiacjoe_temple_bowtie_tessellation
IceCv:    ice_cave_small_demon

Skill      XL: |  1  2  3  4  5  6  7  8  9 10 11 12 |
---------------+-------------------------------------+-----
Fighting       | 1 2 3 4 5 6 8 9 |  9.0
Maces & Flails | 1 2 3 5 6 |  6.8
Earth Magic    | 4 5 |  5.0
Conjurations   | 1 2 3 5 6 |  6.8
Spellcasting   | 3 4 6 7 |  7.8
Invocations    | 2 3 5 7 8 |  8.2
Dodging        | 2 3 |  3.1
Armour         | 2 3 5 |  5.4
Shields        | 3 |  3.2
Transmutations | 1 2 |  2.5
Air Magic      | 2 3 |  3.5
Poison Magic   | 1 2 |  2.9
Fire Magic     | 1 2 |  2.8
Ice Magic      | 1 2 |  2.9
Stealth        | |  2.1

Action                   |  1- 3 |  4- 6 |  7- 9 | 10-12 || total
-------------------------+-------+-------+-------+-------++-------
Melee: Mace              |    36 |       |   104 |    76 ||   216
       Punch             |       |       |     2 |       ||     2
       Flail             |       |       |       |   137 ||   137
 Cast: Sandblast         |    44 |    69 |    49 |    13 ||   175
       Stone Arrow       |       |       |    97 |   228 ||   325
       Mephitic Cloud    |       |       |       |     2 ||     2
       Ignite Poison     |       |       |       |     2 ||     2
       Passwall          |       |       |       |     1 ||     1
Evoke: Wand              |       |       |       |    13 ||    13
  Use: Potion            |     1 |       |     1 |     9 ||    11
       Scroll            |     4 |     4 |     9 |    11 ||    28
 Stab: Sleeping          |     2 |       |       |       ||     2
       Distracted        |       |       |     1 |     1 ||     2
Armor: Robe              |    18 |    12 |    78 |    50 ||   158
       Troll leather arm |       |       |       |   115 ||   115
       Skin              |       |       |       |     5 ||     5
Dodge: Dodged            |    43 |    10 |   143 |   253 ||   449
Block: Buckler           |       |       |       |   107 ||   107

Table legend: (Time is in decaauts)
 A = Elapsed time spent in this place.
 B = Non-inter-level travel time spent in this place.
 C = Inter-level travel time spent in this place.
 D = Time resting spent in this place.
 E = Time spent auto-exploring this place.
 F = Levels seen in this place.
 G = Mean time per level.
                   A        B        C        D        E       F      G
               +--------+--------+--------+--------+--------+-----+--------+
         Total |  19652 |  18940 |    712 |   4428 |  11623 |  15 | 1310.1 |
       Dungeon |  17495 |  16846 |    649 |   3762 |  10836 |  12 | 1457.9 |
        Temple |    270 |    208 |     62 |      0 |    194 |   1 |  270.0 |
       Ossuary |    787 |    787 |      0 |      3 |    531 |   1 |  787.0 |
      Ice Cave |   1099 |   1099 |      0 |    662 |     62 |   1 | 1099.0 |
               +--------+--------+--------+--------+--------+-----+--------+

Top non-repeatable levels by time:
     D:8: 2228 daAuts
     D:6: 2073 daAuts
     D:9: 1848 daAuts
    D:11: 1740 daAuts
    D:10: 1702 daAuts
     D:1: 1635 daAuts
     D:4: 1606 daAuts
     D:7: 1541 daAuts
     D:5: 1164 daAuts
   IceCv: 1099 daAuts
     D:3: 1017 daAuts
     D:2: 889 daAuts
 Ossuary: 787 daAuts
  Temple: 270 daAuts
    D:12: 48 daAuts
